 Dungeon Sprint DCSS version 0.13-a0-2640-geebf78d (webtiles) character file.

1502 Kae the Conjurer (level 7, -3/36 HPs)
             Began as a Tengu Fire Elementalist on Aug 6, 2013.
             Slain by a boulder beetle (18 damage)
             ... in the Dungeon (Sprint II: "The Violet Keep of Menkaure").
             The game lasted 00:01:17 (400 turns).

Kae the Conjurer (Tengu Fire Elementalist)           Turns: 400, Time: 00:01:17

HP  -3/36        AC  2     Str  9      XL: 7   Next: 78%
MP  12/21        EV 12     Int 10 (17) God:
Gold 749         SH  0     Dex 14      Spells:  5 memorised,  6 levels left

Res.Fire  : . . .   See Invis. : .   (no weapon)
Res.Cold  : . . .   Warding    : .   a - +0 robe
Life Prot.: . . .   Conserve   : .   (no shield)
Res.Poison: .       Res.Corr.  : .   (helmet restricted)
Res.Elec. : .       Clarity    : .   (no cloak)
Sust.Abil.: . .     Spirit.Shd : .   (no gloves)
Res.Mut.  : .       Prev.Telep.: +   (boots unavailable)
Res.Rott. : .       Flight     : .   (no amulet)
Saprovore : . . .                    (no ring)
                                     (no ring)

@: slightly resistant to hostile enchantments, fairly stealthy
A: able to fly, beak, talons 3
a: Fly


You were in the Dungeon.
You were not hungry.

You visited 1 branch You collected 729 gold pieces.

Inventory:

Armour
 a - a +0 robe (worn)
Comestibles
 c - a bread ration
Scrolls
 i - a scroll of blinking
Potions
 d - a potion of curing
 e - a potion of heal wounds
 f - a potion of speed
 g - 2 potions of magic
Books
 b - a book of Flames

   Spells                             Type                      Level
   *Flame Tongue                      Conjuration/Fire             1
   *Throw Flame                       Conjuration/Fire             2
   *Conjure Flame                     Conjuration/Fire             3
   Inner Flame                        Hexes/Fire                   3
   *Sticky Flame                      Conjuration/Fire             4
   *Fireball                          Conjuration/Fire             5


   Skills:
 - Level 2.1 Dodging
 - Level 2.0 Stealth
 + Level 7.6 Spellcasting
 * Level 14.5 Conjurations
 + Level 9.7 Fire Magic


You had 6 spell levels left.
You knew the following spells:

 Your Spells              Type           Power        Failure   Level  Hunger
a - Flame Tongue          Conj/Fire      ####.        1%          1    None
b - Throw Flame           Conj/Fire      ####..       1%          2    #......
c - Conjure Flame         Conj/Fire      ####....     1%          3    ###....
d - Sticky Flame          Conj/Fire      ####....     1%          4    ####...
e - Fireball              Conj/Fire      ####......   3%          5    #####..


Dungeon Overview and Level Annotations

Branches:
Dungeon (1/1)

Altars:


Innate Abilities, Weirdness & Mutations

You can fly.
You have a beak for a mouth.
You have claws for feet.


Message History

The boulder beetle bites you!
Ouch! That really hurt!
Casting: Flame Tongue
Confirm with . or Enter, or press ? or * to list all spells.
Aiming: Flame Tongue
Press: ? - help, Shift-Dir - straight line, f/p - boulder beetle
Aim: a boulder beetle (flame, moderately wounded, covered in liquid flames)
The flame hits the boulder beetle.
The boulder beetle appears unharmed.
The boulder beetle is moderately wounded.
The boulder beetle burns!
Casting: Flame Tongue
Confirm with . or Enter, or press ? or * to list all spells.
Aiming: Flame Tongue
Press: ? - help, Shift-Dir - straight line, f/p - boulder beetle
Aim: a boulder beetle (flame, heavily wounded, covered in liquid flames)
The flame hits the boulder beetle.
The boulder beetle appears unharmed.
The boulder beetle is heavily wounded.
The boulder beetle burns!
The boulder beetle bites you!
Ouch! That really hurt!
You die...

##+## ##.#.##
#.###.# #
##.#.#### ##.
##%###.#
#.B.##.##..#
#'<<<%.##+
#$B.##B##.#.#
##. ##@###.##
# ##.%.####
#..#..#
##...## ##+##


You could see a boulder beetle (burning).

Vanquished Creatures
  A mermaid (D)
  2 hippogriffs (D)
  4 brain worms (D)
7 creatures vanquished.

Notes
Turn   | Place    | Note
--------------------------------------------------------------
     0 | D        | Kae, the Tengu Fire Elementalist, began the quest for the Orb.
     0 | D        | Reached XP level 1. HP: 10/10 MP: 3/3
     0 | D        | Noticed a boulder beetle
     0 | D        | Noticed a boulder beetle
     4 | D        | Noticed a brain worm
     4 | D        | Noticed a brain worm
     4 | D        | Noticed a brain worm
     4 | D        | Noticed a brain worm
    12 | D        | Killed a brain worm
    12 | D        | Reached skill level 7 in Conjurations
    12 | D        | Reached skill level 5 in Fire Magic
    12 | D        | Reached XP level 2. HP: 15/15 MP: 0/6
    12 | D        | Reached XP level 3. HP: 19/19 MP: 0/8
    12 | D        | Reached XP level 4. HP: 24/24 MP: 0/10
    14 | D        | Killed a brain worm
    14 | D        | Reached skill level 9 in Conjurations
    14 | D        | Reached XP level 5. HP: 28/28 MP: 0/14
    17 | D        | Killed a brain worm
    17 | D        | Reached skill level 5 in Spellcasting
    17 | D        | Reached skill level 10 in Conjurations
    18 | D        | Killed a brain worm
    18 | D        | Reached skill level 11 in Conjurations
    18 | D        | Reached XP level 6. HP: 32/32 MP: 1/18
   118 | D        | Noticed a hippogriff
   118 | D        | Noticed a hippogriff
   122 | D        | Noticed a mermaid
   127 | D        | Learned a level 2 spell: Throw Flame
   131 | D        | Learned a level 3 spell: Conjure Flame
   136 | D        | Learned a level 4 spell: Sticky Flame
   142 | D        | Learned a level 5 spell: Fireball
   152 | D        | Killed a mermaid
   152 | D        | Reached skill level 13 in Conjurations
   152 | D        | Reached XP level 7. HP: 36/36 MP: 8/20
   283 | D        | Killed a hippogriff
   291 | D        | Killed a hippogriff
   291 | D        | Reached skill level 14 in Conjurations
   400 | D        | Slain by a boulder beetle

Action                   |  1- 3 |  4- 6 |  7- 9 || total
-------------------------+-------+-------+-------++-------
Melee: Unarmed           |     3 |     5 |       ||     8
 Cast: Flame Tongue      |     2 |     8 |    15 ||    25
       Conjure Flame     |       |     1 |     2 ||     3
       Sticky Flame      |       |       |     1 ||     1
  Use: Potion            |     1 |       |       ||     1
